| TOP OF THE 1ST |
|
St. Louis Cardinals batting - Pitching for Houston Astros : RHP Rick Camp
|
|
Pitching: RHP Rick Camp
|
|
|
Batting: SHB Otis Nixon
|
0-0: SINGLE (Line Drive, 3D, EV 98.8 MPH)
|
|
Batting: LHB Jim Gantner
|
0-0: Ball Otis Nixon is caught stealing 2nd base 2-6 1-0: Foul Ball, location: 2F 1-1: Ball 2-1: Called Strike 2-2: Ball 3-2: Ground out 4-3 (Groundball, 4D, EV 101.9 MPH)
|
|
Batting: RHB Sixto Lezcano
|
0-0: Swinging Strike 0-1: Ball 1-1: Ball 2-1: Swinging Strike 2-2: Ball 3-2: Fly out, F9 (Flyball, 89S, EV 92.5 MPH)
|
| Top of the 1st over - 0 runs, 1 hit, 0 errors, 0 left on base; St. Louis 0 - Houston 0 |
| BOTTOM OF THE 1ST |
|
Houston Astros batting - Pitching for St. Louis Cardinals : LHP Steve Carlton
|
|
Pitching: LHP Steve Carlton
|
|
|
Batting: RHB Mickey Hatcher
|
0-0: Ball 1-0: Ball 2-0: Ball 3-0: Called Strike 3-1: Foul Ball, location: 2F 3-2: Foul Ball, location: 2F 3-2: Reached on error, E5 (Flyball, 5D, EV 90.0 MPH)
|
|
Batting: SHB Tom Herr
|
0-0: Ball 1-0: Ball 2-0: Grounds into double play, 6-4-3 (Groundball, 6, EV 86.3 MPH)
|
|
Batting: RHB Julio Franco
|
0-0: Called Strike 0-1: Ball 1-1: Foul Ball, location: 2F 1-2: SINGLE (Groundball, 34D, EV 101.3 MPH)
|
|
Batting: RHB Zail Smith
|
0-0: Called Strike Julio Franco steals 2nd base 0-1: Ball 1-1: SINGLE (Flyball, 4MD, EV 93.1 MPH) Julio Franco to third Runner from 3rd tries for Home, SAFE, throw by CF to home
|
|
Batting: LHB Steve Kemp
|
0-0: Ball 1-0: Called Strike 1-1: Ball 2-1: Called Strike 2-2: Ball Zail Smith steals 2nd base (no throw) 3-2: DOUBLE (Line Drive, 9LD, EV 101.9 MPH) Zail Smith scores
|
|
Batting: RHB John Castino
|
0-0: Fly out, F4 (Popup, 4D, EV 43.8 MPH)
|
| Bottom of the 1st over - 2 runs, 3 hits, 1 error, 1 left on base; St. Louis 0 - Houston 2 |
| TOP OF THE 2ND |
|
St. Louis Cardinals batting - Pitching for Houston Astros : RHP Rick Camp
|
|
Batting: LHB Pat Putnam
|
0-0: DOUBLE (Flyball, 78XD, EV 116.3 MPH)
|
|
Batting: RHB Joe Torre
|
0-0: Called Strike 0-1: Fly out, F8 (Flyball, 8RM, EV 93.1 MPH)
|
|
Batting: LHB Mike Davis
|
0-0: Called Strike 0-1: Foul Ball, location: 2F 0-2: DOUBLE (Line Drive, 9LS, EV 94.4 MPH) Pat Putnam scores
|
|
Batting: SHB Billy E Smith
|
0-0: Ball 1-0: Ball 2-0: Ball 3-0: Called Strike 3-1: SINGLE (Flyball, 78S, EV 90.6 MPH) Mike Davis to third Runner from 3rd tries for Home, SAFE, throw by LF to home
|
|
Batting: RHB Bob Watson
|
0-0: Ball 1-0: Ball Billy E Smith steals 2nd base (no throw) 2-0: Ball 3-0: Base on Balls
|
|
Batting: LHB Steve Carlton
|
0-0: Called Strike Billy E Smith is caught stealing 3rd base 2-5 0-1: Fly out, F8 (Flyball, 8RD, EV 109.4 MPH)
|
| Top of the 2nd over - 2 runs, 3 hits, 0 errors, 1 left on base; St. Louis 2 - Houston 2 |
| BOTTOM OF THE 2ND |
|
Houston Astros batting - Pitching for St. Louis Cardinals : LHP Steve Carlton
|
|
Batting: LHB Jerry Narron
|
0-0: Called Strike 0-1: Fly out, F4 (Popup, 4, EV 76.3 MPH)
|
|
Batting: RHB Ron Tingley
|
0-0: Foul Ball, location: 2F 0-1: Ball 1-1: Ball 2-1: Ball 3-1: Base on Balls
|
|
Batting: RHB Rick Camp
|
0-0: Bunted foul 0-1: Sac Bunt to 13 - play at first, batter OUT! 1-4 Ron Tingley to second
|
|
Batting: RHB Mickey Hatcher
|
0-0: Ball 1-0: Ball 2-0: Ground out 6-3 (Groundball, 6M, EV 105.0 MPH)
|
| Bottom of the 2nd over - 0 runs, 0 hits, 0 errors, 1 left on base; St. Louis 2 - Houston 2 |
| TOP OF THE 3RD |
|
St. Louis Cardinals batting - Pitching for Houston Astros : RHP Rick Camp
|
|
Batting: SHB Otis Nixon
|
0-0: Called Strike 0-1: Called Strike 0-2: Ball 1-2: Ground out 5-3 (Groundball, 56, EV 90.6 MPH)
|
|
Batting: LHB Jim Gantner
|
0-0: Ball 1-0: Swinging Strike 1-1: Ball 2-1: Ball 3-1: SINGLE (Line Drive, 78M, EV 94.4 MPH)
|
|
Batting: RHB Sixto Lezcano
|
0-0: Called Strike 0-1: Ball 1-1: Called Strike 1-2: SINGLE (Line Drive, 34D, EV 100.6 MPH) Jim Gantner to second Runner from 2nd tries for 3rd, SAFE, no throw by RF
|
|
Batting: LHB Pat Putnam
|
0-0: Ball Sixto Lezcano steals 2nd base 1-0: Foul Ball, location: 2F 1-1: Called Strike 1-2: Strikes out looking
|
|
Batting: RHB Joe Torre
|
0-0: Ball 1-0: Ball Passed Ball! Jim Gantner scores Sixto Lezcano to third 2-0: Fly out, F8 (Flyball, 89S, EV 94.4 MPH)
|
| Top of the 3rd over - 1 run, 2 hits, 0 errors, 1 left on base; St. Louis 3 - Houston 2 |
| BOTTOM OF THE 3RD |
|
Houston Astros batting - Pitching for St. Louis Cardinals : LHP Steve Carlton
|
|
Batting: SHB Tom Herr
|
0-0: Called Strike 0-1: Ball 1-1: SINGLE (Line Drive, 78S, EV 87.5 MPH)
|
|
Batting: RHB Julio Franco
|
0-0: Fly out, F8 (Flyball, 78D, EV 101.3 MPH)
|
|
Batting: RHB Zail Smith
|
0-0: Ball 1-0: 2-RUN HOME RUN (Flyball, 7D, EV 87.5 MPH), Distance : 374 ft
|
|
Batting: LHB Steve Kemp
|
0-0: SINGLE (Groundball, 34D, EV 105.0 MPH)
|
|
Batting: RHB John Castino
|
0-0: Called Strike 0-1: Foul Ball, location: 2F 0-2: Strikes out looking
|
|
Batting: LHB Jerry Narron
|
0-0: Foul Ball, location: 2F 0-1: Called Strike 0-2: Ball 1-2: Ball 2-2: Foul Ball, location: 2F 2-2: Ground out 6-3 (Groundball, 6M, EV 86.9 MPH)
|
| Bottom of the 3rd over - 2 runs, 3 hits, 0 errors, 1 left on base; St. Louis 3 - Houston 4 |
| TOP OF THE 4TH |
|
St. Louis Cardinals batting - Pitching for Houston Astros : RHP Rick Camp
|
|
Batting: LHB Mike Davis
|
0-0: Ball 1-0: Ball 2-0: Fly out, F9 (Line Drive, 9, EV 88.1 MPH)
|
|
Batting: SHB Billy E Smith
|
0-0: Swinging Strike 0-1: Ball 1-1: Ball 2-1: Foul Ball, location: 2F 2-2: Ball 3-2: DOUBLE (Line Drive, 78M, EV 100.6 MPH)
|
|
Batting: RHB Bob Watson
|
0-0: Ball 1-0: Foul Ball, location: 2F 1-1: Ball 2-1: Swinging Strike 2-2: Foul Ball, location: 2F 2-2: Fly out, F9 (Flyball, 9LM, EV 83.8 MPH) Runner from 2nd tags up, SAFE at 3rd, no throw by RF
|
|
Batting: LHB Steve Carlton
|
0-0: Swinging Strike 0-1: Fly out, F5 (Popup, 25F, EV 93.1 MPH)
|
| Top of the 4th over - 0 runs, 1 hit, 0 errors, 1 left on base; St. Louis 3 - Houston 4 |
| BOTTOM OF THE 4TH |
|
Houston Astros batting - Pitching for St. Louis Cardinals : LHP Steve Carlton
|
|
Batting: RHB Ron Tingley
|
0-0: Ball 1-0: Foul Ball, location: 2F 1-1: Foul Ball, location: 2F 1-2: Ball 2-2: Ball 3-2: Strikes out swinging
|
|
Pinch Hitting: SHB Bill D Doran
|
0-0: Called Strike 0-1: Ground out 4-3 (Groundball, 4S, EV 64.4 MPH)
|
|
Batting: RHB Mickey Hatcher
|
0-0: Ground out 6-3 (Groundball, 6MD, EV 83.8 MPH)
|
| Bottom of the 4th over - 0 runs, 0 hits, 0 errors, 0 left on base; St. Louis 3 - Houston 4 |
| TOP OF THE 5TH |
|
St. Louis Cardinals batting - Pitching for Houston Astros : RHP Rick Camp
|
|
Pitching: RHP Freddy Guerrero
|
|
|
Batting: SHB Otis Nixon
|
0-0: Ball 1-0: Foul Ball, location: 2F 1-1: Ball 2-1: Swinging Strike 2-2: SINGLE (Groundball, 34D, EV 105.6 MPH)
|
|
Batting: LHB Jim Gantner
|
0-0: Ball 1-0: Fly out, F8 (Flyball, 8LXD, EV 107.5 MPH)
|
|
Batting: RHB Sixto Lezcano
|
0-0: Ball 1-0: Called Strike 1-1: Ball 2-1: Foul Ball, location: 2F 2-2: Foul Ball, location: 2F 2-2: Strikes out looking
|
|
Batting: LHB Pat Putnam
|
0-0: Ball 1-0: Fly out, F8 (Flyball, 8LM, EV 93.1 MPH)
|
| Top of the 5th over - 0 runs, 1 hit, 0 errors, 1 left on base; St. Louis 3 - Houston 4 |
| BOTTOM OF THE 5TH |
|
Houston Astros batting - Pitching for St. Louis Cardinals : LHP Steve Carlton
|
|
Pitching: RHP Tom D Brown
|
|
|
Batting: SHB Tom Herr
|
0-0: Ball 1-0: Ground out 6-3 (Groundball, 6S, EV 68.1 MPH)
|
|
Batting: RHB Julio Franco
|
0-0: Called Strike 0-1: Ball 1-1: Ball 2-1: SINGLE (Groundball, 56D, EV 99.4 MPH)
|
|
Batting: RHB Zail Smith
|
0-0: Ball 1-0: Foul Ball, location: 2F 1-1: Ball 2-1: SINGLE (Line Drive, 56D, EV 98.1 MPH) Julio Franco to second Runner from 2nd tries for 3rd, OUT! 7-5
|
|
Now in LF: Mookie Wilson
|
|
|
Batting: LHB Steve Kemp
|
0-0: Fly out, F7 (Flyball, 78XD, EV 88.1 MPH)
|
| Bottom of the 5th over - 0 runs, 2 hits, 0 errors, 1 left on base; St. Louis 3 - Houston 4 |
| TOP OF THE 6TH |
|
St. Louis Cardinals batting - Pitching for Houston Astros : RHP Freddy Guerrero
|
|
Batting: RHB Joe Torre
|
0-0: Foul Ball, location: 2F 0-1: Ball 1-1: SINGLE (Groundball, 6MD, EV 98.8 MPH)
|
|
Pinch Runner at 1st Paul Householder:
|
|
|
Batting: RHB Mookie Wilson
|
0-0: Swinging Strike 0-1: Grounds into double play, 5-4-3 (Groundball, 56, EV 100.6 MPH)
|
|
Batting: SHB Billy E Smith
|
0-0: Called Strike 0-1: Ball 1-1: Ground out 3-1 (Groundball, 13, EV 91.3 MPH)
|
| Top of the 6th over - 0 runs, 1 hit, 0 errors, 0 left on base; St. Louis 3 - Houston 4 |
| BOTTOM OF THE 6TH |
|
Houston Astros batting - Pitching for St. Louis Cardinals : RHP Tom D Brown
|
|
Now at 1B: Victor Rios
|
|
|
Batting: RHB John Castino
|
0-0: Called Strike 0-1: Ball 1-1: Ball 2-1: Ball 3-1: Called Strike 3-2: Base on Balls
|
|
Batting: LHB Jerry Narron
|
0-0: Ground out 3-1 (Groundball, 34S, EV 80.6 MPH) John Castino to second
|
|
Batting: RHB Ron Tingley
|
0-0: Swinging Strike 0-1: Ball 1-1: Ball 2-1: Swinging Strike 2-2: Ball 3-2: Foul Ball, location: 2F 3-2: Base on Balls
|
|
Pinch Hitting: SHB Christopher Clark
|
0-0: Ball 1-0: Called Strike 1-1: Ball 2-1: Ball 3-1: Foul Ball, location: 2F 3-2: Foul Ball, location: 2F 3-2: Base on Balls John Castino to third Ron Tingley to second
|
|
Pitching: RHP Lary Sorensen
|
|
|
Now at SS: Steve Lubratich
|
|
|
Pinch Hitting: RHB Dave Valle
|
0-0: Ball 1-0: Ball 2-0: Called Strike 2-1: Ball 3-1: SINGLE (Flyball, 8RS, EV 94.4 MPH) John Castino scores Ron Tingley to third Christopher Clark to second Runner from 3rd tries for Home, throw by CF and OUT! 8-2
|
|
Pinch Hitting: RHB Ricky Adams
|
0-0: Ball 1-0: Ball 2-0: Ground out 4-3 (Groundball, 4S, EV 89.4 MPH)
|
| Bottom of the 6th over - 1 run, 1 hit, 0 errors, 2 left on base; St. Louis 3 - Houston 5 |
| TOP OF THE 7TH |
|
St. Louis Cardinals batting - Pitching for Houston Astros : RHP Freddy Guerrero
|
|
Pitching: LHP Richard Thompson
|
|
|
Now at 1B: Tim Tolman
|
|
|
Now at 2B: Ricky Adams
|
|
|
Batting: RHB Bob Watson
|
0-0: Ground out 6-3 (Groundball, 6, EV 111.9 MPH)
|
|
Batting: RHB Steve Lubratich
|
0-0: Ground out U3 (Groundball, 3, EV 88.8 MPH)
|
|
Pinch Hitting: LHB Jim Adduci
|
0-0: Called Strike 0-1: Foul Ball, location: 2F 0-2: Ball 1-2: Strikes out swinging
|
| Top of the 7th over - 0 runs, 0 hits, 0 errors, 0 left on base; St. Louis 3 - Houston 5 |
| BOTTOM OF THE 7TH |
|
Houston Astros batting - Pitching for St. Louis Cardinals : RHP Lary Sorensen
|
|
Now in RF: Jim Adduci
|
|
|
Pinch Hitting: RHB Danny Jasso
|
0-0: Ground out 6-3 (Groundball, 6, EV 83.1 MPH)
|
|
Batting: RHB Zail Smith
|
0-0: SINGLE (Line Drive, 9S, EV 105.6 MPH)
|
|
Batting: LHB Steve Kemp
|
0-0: Called Strike 0-1: Swinging Strike 0-2: Ball 1-2: Ball 2-2: Fly out, F9 (Flyball, 89M, EV 89.4 MPH)
|
|
Pinch Hitting: RHB Nick Esasky
|
0-0: Called Strike 0-1: Ball 1-1: Foul Ball, location: 2F 1-2: Foul Ball, location: 2F 1-2: Strikes out swinging
|
| Bottom of the 7th over - 0 runs, 1 hit, 0 errors, 1 left on base; St. Louis 3 - Houston 5 |
| TOP OF THE 8TH |
|
St. Louis Cardinals batting - Pitching for Houston Astros : LHP Richard Thompson
|
|
Now at 3B: Nick Esasky
|
|
|
Now at SS: Danny Jasso
|
|
|
Pinch Hitting: RHB Onix Concepcion
|
0-0: Ball 1-0: Called Strike 1-1: Hit by Pitch
|
|
Pinch Hitting: RHB Craig Stimac
|
0-0: Called Strike 0-1: Swinging Strike 0-2: Fly out, F9 (Flyball, 9LS, EV 84.4 MPH)
|
|
Pinch Hitting: RHB Pascual D'Annunzio
|
0-0: Ball 1-0: Ball 2-0: Called Strike 2-1: Ball 3-1: Base on Balls Onix Concepcion to second
|
|
Batting: RHB Victor Rios
|
0-0: Ball 1-0: Called Strike 1-1: Ball 2-1: Called Strike 2-2: Ball 3-2: Strikes out swinging
|
|
Batting: RHB Mookie Wilson
|
0-0: SINGLE (Line Drive, 8RS, EV 88.1 MPH) Onix Concepcion to third Pascual D'Annunzio to second Runner from 3rd tries for Home, SAFE, throw by CF to home
|
|
Pinch Hitting: RHB Brian Dayett
|
0-0: Ball 1-0: SINGLE (Groundball, P, EV 85.0 MPH) (infield hit) Pascual D'Annunzio to third Mookie Wilson to second
|
|
Pitching: RHP Luis Aponte
|
|
|
Now at 3B: Tom O'Malley
|
|
|
Pinch Hitting: RHB Bob E Johnson
|
0-0: Ball 1-0: Fielders Choice at 2nd, 4-6 (Groundball, 4MD, EV 99.4 MPH)
|
| Top of the 8th over - 1 run, 2 hits, 0 errors, 3 left on base; St. Louis 4 - Houston 5 |
| BOTTOM OF THE 8TH |
|
Houston Astros batting - Pitching for St. Louis Cardinals : RHP Lary Sorensen
|
|
Pitching: LHP Paul Gibson
|
|
|
Now at C: Bob E Johnson
|
|
|
Now at 2B: Onix Concepcion
|
|
|
Now at 3B: Craig Stimac
|
|
|
Now in LF: Pascual D'Annunzio
|
|
|
Batting: LHB Jerry Narron
|
0-0: Ball 1-0: Called Strike 1-1: Ground out 1-3 (Groundball, 15S, EV 68.1 MPH)
|
|
Pinch Hitting: LHB George Vukovich
|
0-0: Called Strike 0-1: Ball 1-1: Foul Ball, location: 2F 1-2: Foul Ball, location: 2F 1-2: Strikes out swinging
|
|
Batting: RHB Tim Tolman
|
0-0: Ball 1-0: Called Strike 1-1: Fly out, F8 (Line Drive, 8RM, EV 101.9 MPH)
|
| Bottom of the 8th over - 0 runs, 0 hits, 0 errors, 0 left on base; St. Louis 4 - Houston 5 |
| TOP OF THE 9TH |
|
St. Louis Cardinals batting - Pitching for Houston Astros : RHP Luis Aponte
|
|
Now in CF: George Vukovich
|
|
|
Pinch Hitting: LHB Mark Hildebrand
|
0-0: Called Strike 0-1: Foul Ball, location: 2F 0-2: Ball 1-2: SOLO HOME RUN (Flyball, 78XD, EV 95.6 MPH), Distance : 440 ft
|
|
Batting: LHB Jim Adduci
|
0-0: Called Strike 0-1: Ball 1-1: Swinging Strike 1-2: SINGLE (Groundball, 56D, EV 106.3 MPH)
|
|
Batting: RHB Onix Concepcion
|
0-0: Sac Bunt to 3S - play at first, batter OUT! 3-4 Jim Adduci to second
|
|
Batting: RHB Craig Stimac
|
0-0: Called Strike Jim Adduci steals 3rd base 0-1: Ball 1-1: Foul Ball, location: 2F 1-2: Foul Ball, location: 2F 1-2: Ball 2-2: Ball 3-2: Ground out U3 (Groundball, 3S, EV 83.1 MPH)
|
|
Batting: RHB Pascual D'Annunzio
|
0-0: Intentional Walk
|
|
Batting: RHB Victor Rios
|
0-0: Fly out, F6 (Popup, 6, EV 80.0 MPH)
|
| Top of the 9th over - 1 run, 2 hits, 0 errors, 2 left on base; St. Louis 5 - Houston 5 |
| BOTTOM OF THE 9TH |
|
Houston Astros batting - Pitching for St. Louis Cardinals : LHP Paul Gibson
|
|
Pitching: RHP Larry Andersen
|
|
|
Now at SS: Don Ruzek
|
|
|
Batting: LHB Tom O'Malley
|
0-0: Called Strike 0-1: Fly out, F8 (Flyball, 8LXD, EV 80.6 MPH)
|
|
Batting: RHB Ricky Adams
|
0-0: Ball 1-0: Ball 2-0: Foul Ball, location: 2F 2-1: Ball 3-1: Called Strike 3-2: Foul Ball, location: 2F 3-2: Base on Balls
|
|
Batting: RHB Danny Jasso
|
0-0: Ball 1-0: Ball 2-0: Swinging Strike 2-1: Called Strike 2-2: Grounds into double play, 5-4-3 (Groundball, 56S, EV 86.9 MPH)
|
| Bottom of the 9th over - 0 runs, 0 hits, 0 errors, 0 left on base; St. Louis 5 - Houston 5 |
| TOP OF THE 10TH |
|
St. Louis Cardinals batting - Pitching for Houston Astros : RHP Luis Aponte
|
|
Pitching: RHP Ramon Molina
|
|
|
Now at SS: Gregory Pastors
|
|
|
Batting: RHB Mookie Wilson
|
0-0: Foul Ball, location: 2F 0-1: Swinging Strike 0-2: Ball 1-2: Ball 2-2: Foul Ball, location: 2F 2-2: Strikes out looking
|
|
Batting: RHB Don Ruzek
|
0-0: Called Strike 0-1: Foul Ball, location: 2F 0-2: Ball 1-2: Strikes out looking
|
|
Batting: RHB Bob E Johnson
|
0-0: Called Strike 0-1: Swinging Strike 0-2: Ball 1-2: Ground out 6-3 (Groundball, 6, EV 90.0 MPH)
|
| Top of the 10th over - 0 runs, 0 hits, 0 errors, 0 left on base; St. Louis 5 - Houston 5 |
| BOTTOM OF THE 10TH |
|
Houston Astros batting - Pitching for St. Louis Cardinals : RHP Larry Andersen
|
|
Batting: RHB Zail Smith
|
0-0: Ball 1-0: Foul Ball, location: 2F 1-1: Ball 2-1: SINGLE (Flyball, 5D, EV 100.0 MPH)
|
|
Batting: LHB Steve Kemp
|
0-0: Ball 1-0: Called Strike 1-1: Called Strike 1-2: Ball 2-2: Strikes out looking
|
|
Batting: RHB Gregory Pastors
|
0-0: Ball 1-0: Ball 2-0: Ball Zail Smith steals 2nd base 3-0: Called Strike 3-1: Foul Ball, location: 2F 3-2: Strikes out swinging
|
|
Batting: LHB Jerry Narron
|
0-0: Foul Ball, location: 2F 0-1: Swinging Strike 0-2: Foul Ball, location: 2F 0-2: Ball 1-2: Ball 2-2: Ball 3-2: Base on Balls
|
|
Batting: LHB George Vukovich
|
0-0: Ball 1-0: Ball 2-0: Foul Ball, location: 2F 2-1: Ball 3-1: Foul Ball, location: 2F 3-2: Ground out 5-3 (Groundball, 5, EV 81.9 MPH)
|
| Bottom of the 10th over - 0 runs, 1 hit, 0 errors, 2 left on base; St. Louis 5 - Houston 5 |
| TOP OF THE 11TH |
|
St. Louis Cardinals batting - Pitching for Houston Astros : RHP Ramon Molina
|
|
Pinch Hitting: LHB Casey Parsons
|
0-0: Called Strike 0-1: Called Strike 0-2: Foul Ball, location: 2F 0-2: Ball 1-2: Ball 2-2: Strikes out looking
|
|
Batting: LHB Jim Adduci
|
0-0: Ball 1-0: Called Strike 1-1: Ball 2-1: Foul Ball, location: 2F 2-2: Foul Ball, location: 2F 2-2: Ground out 4-3 (Groundball, 4, EV 80.6 MPH)
|
|
Batting: RHB Onix Concepcion
|
0-0: Fly out, F9 (Line Drive, 9, EV 91.3 MPH)
|
| Top of the 11th over - 0 runs, 0 hits, 0 errors, 0 left on base; St. Louis 5 - Houston 5 |
| BOTTOM OF THE 11TH |
|
Houston Astros batting - Pitching for St. Louis Cardinals : RHP Larry Andersen
|
|
Pitching: RHP Karl Best
|
|
|
Batting: RHB Tim Tolman
|
0-0: Ball 1-0: Ball 2-0: Called Strike 2-1: Foul Ball, location: 2F 2-2: Strikes out looking
|
|
Batting: LHB Tom O'Malley
|
0-0: Ball 1-0: Ball 2-0: Ball 3-0: Base on Balls
|
|
Batting: RHB Ricky Adams
|
0-0: Ball 1-0: Called Strike 1-1: DOUBLE (Groundball, 5L, EV 109.4 MPH) Tom O'Malley to third
|
|
Batting: SHB Ramon Molina
|
0-0: Ball 1-0: Ball 2-0: Ground out 1-3 (Groundball, 34S, EV 71.3 MPH)
|
|
Batting: RHB Zail Smith
|
0-0: Swinging Strike 0-1: Ball 1-1: Fly out, F2 (Popup, 23F, EV 91.3 MPH)
|
| Bottom of the 11th over - 0 runs, 1 hit, 0 errors, 2 left on base; St. Louis 5 - Houston 5 |
| TOP OF THE 12TH |
|
St. Louis Cardinals batting - Pitching for Houston Astros : RHP Ramon Molina
|
|
Batting: RHB Craig Stimac
|
0-0: Ball 1-0: Ball 2-0: Fly out, F7 (Flyball, 7, EV 95.6 MPH)
|
|
Batting: RHB Pascual D'Annunzio
|
0-0: Ball 1-0: SINGLE (Line Drive, 9LM, EV 95.0 MPH)
|
|
Batting: RHB Victor Rios
|
0-0: Ball 1-0: Called Strike 1-1: Ball 2-1: Swinging Strike 2-2: Foul Ball, location: 2F 2-2: Fly out, F2 (Popup, 23F, EV 88.1 MPH)
|
|
Pinch Hitting: RHB Rob Deer
|
0-0: Ball 1-0: Ball 2-0: Fly out, F8 (Flyball, 8RS, EV 81.3 MPH)
|
| Top of the 12th over - 0 runs, 1 hit, 0 errors, 1 left on base; St. Louis 5 - Houston 5 |
| BOTTOM OF THE 12TH |
|
Houston Astros batting - Pitching for St. Louis Cardinals : RHP Karl Best
|
|
Now in RF: Rob Deer
|
|
|
Batting: LHB Steve Kemp
|
0-0: Called Strike 0-1: Ball 1-1: Called Strike 1-2: Ball 2-2: Ball 3-2: Fly out, F8 (Flyball, 8RD, EV 93.8 MPH)
|
|
Batting: RHB Gregory Pastors
|
0-0: Ball 1-0: Ball 2-0: Foul Ball, location: 2F 2-1: Swinging Strike 2-2: Hit by Pitch
|
|
Batting: LHB Jerry Narron
|
0-0: Ball 1-0: Fielders Choice at 2nd, 3-6 (Groundball, 3, EV 105.0 MPH)
|
|
Batting: LHB George Vukovich
|
0-0: Ground out 4-3 (Groundball, 4, EV 85.6 MPH)
|
| Bottom of the 12th over - 0 runs, 0 hits, 0 errors, 1 left on base; St. Louis 5 - Houston 5 |
| TOP OF THE 13TH |
|
St. Louis Cardinals batting - Pitching for Houston Astros : RHP Ramon Molina
|
|
Batting: RHB Don Ruzek
|
0-0: Ball 1-0: Swinging Strike 1-1: Ground out 6-3 (Groundball, 6, EV 84.4 MPH)
|
|
Batting: RHB Bob E Johnson
|
0-0: Called Strike 0-1: Fly out, F8 (Flyball, 8RD, EV 93.8 MPH)
|
|
Pinch Hitting: LHB Doug Loman
|
0-0: Called Strike 0-1: Ball 1-1: Called Strike 1-2: Foul Ball, location: 2F 1-2: Strikes out swinging
|
| Top of the 13th over - 0 runs, 0 hits, 0 errors, 0 left on base; St. Louis 5 - Houston 5 |
| BOTTOM OF THE 13TH |
|
Houston Astros batting - Pitching for St. Louis Cardinals : RHP Karl Best
|
|
Pitching: RHP Robert Arnold
|
|
|
Batting: RHB Tim Tolman
|
0-0: Ground out 3-1 (Groundball, 34S, EV 88.8 MPH)
|
|
Batting: LHB Tom O'Malley
|
0-0: Called Strike 0-1: Foul Ball, location: 2F 0-2: Foul Ball, location: 2F 0-2: DOUBLE (Groundball, 3L, EV 101.9 MPH)
|
|
Batting: RHB Ricky Adams
|
0-0: Called Strike 0-1: Fly out, F7 (Line Drive, 7, EV 93.8 MPH)
|
|
Batting: SHB Ramon Molina
|
0-0: Called Strike 0-1: Foul Ball, location: 2F 0-2: Strikes out swinging
|
| Bottom of the 13th over - 0 runs, 1 hit, 0 errors, 1 left on base; St. Louis 5 - Houston 5 |
| TOP OF THE 14TH |
|
St. Louis Cardinals batting - Pitching for Houston Astros : RHP Ramon Molina
|
|
Batting: LHB Jim Adduci
|
0-0: Foul Ball, location: 2F 0-1: Called Strike 0-2: Strikes out looking
|
|
Batting: RHB Onix Concepcion
|
0-0: Ball 1-0: Ground out U3 (Groundball, 3S, EV 71.9 MPH)
|
|
Pinch Hitting: RHB Bob Grandas
|
0-0: Fly out, F4 (Popup, 34S, EV 81.9 MPH)
|
| Top of the 14th over - 0 runs, 0 hits, 0 errors, 0 left on base; St. Louis 5 - Houston 5 |
| BOTTOM OF THE 14TH |
|
Houston Astros batting - Pitching for St. Louis Cardinals : RHP Robert Arnold
|
|
Now at 3B: Bob Grandas
|
|
|
Batting: RHB Zail Smith
|
0-0: Ball 1-0: Called Strike 1-1: Foul Ball, location: 2F 1-2: Ball 2-2: Ball 3-2: Base on Balls
|
|
Batting: LHB Steve Kemp
|
0-0: Called Strike Zail Smith steals 2nd base 0-1: Foul Ball, location: 2F 0-2: Foul Ball, location: 2F 0-2: Foul Ball, location: 2F 0-2: Ball 1-2: Foul Ball, location: 2F 1-2: Foul Ball, location: 2F 1-2: Foul Ball, location: 2F 1-2: Ball 2-2: Fly out, F4 (Line Drive, 4, EV 63.8 MPH)
|
|
Batting: RHB Gregory Pastors
|
0-0: Ball 1-0: Ground out 5-3 (Groundball, 56S, EV 74.4 MPH) Zail Smith to third
|
|
Batting: LHB Jerry Narron
|
0-0: Ball 1-0: Called Strike 1-1: Foul Ball, location: 2F 1-2: Foul Ball, location: 2F 1-2: Strikes out looking
|
| Bottom of the 14th over - 0 runs, 0 hits, 0 errors, 1 left on base; St. Louis 5 - Houston 5 |
| TOP OF THE 15TH |
|
St. Louis Cardinals batting - Pitching for Houston Astros : RHP Ramon Molina
|
|
Batting: RHB Pascual D'Annunzio
|
0-0: Ball 1-0: Ball 2-0: Called Strike 2-1: SINGLE (Line Drive, 89S, EV 91.9 MPH)
|
|
Pitching: RHP Gilberto Mendoza
|
|
|
Batting: RHB Victor Rios
|
0-0: Ball 1-0: Ball 2-0: Fielders Choice at 2nd, 6-4 (Groundball, 6, EV 103.1 MPH)
|
|
Batting: RHB Rob Deer
|
0-0: Called Strike 0-1: Fly out, F8 (Flyball, 8RM, EV 81.9 MPH)
|
|
Batting: RHB Don Ruzek
|
0-0: Ball 1-0: Swinging Strike 1-1: Called Strike 1-2: Strikes out swinging
|
| Top of the 15th over - 0 runs, 1 hit, 0 errors, 1 left on base; St. Louis 5 - Houston 5 |
| BOTTOM OF THE 15TH |
|
Houston Astros batting - Pitching for St. Louis Cardinals : RHP Robert Arnold
|
|
Batting: LHB George Vukovich
|
0-0: Ball 1-0: Called Strike 1-1: Ball 2-1: Called Strike 2-2: Foul Ball, location: 2F 2-2: Strikes out swinging
|
|
Batting: RHB Tim Tolman
|
0-0: Called Strike 0-1: Ball 1-1: Foul Ball, location: 2F 1-2: Fly out, F9 (Flyball, 89XD, EV 92.5 MPH)
|
|
Batting: LHB Tom O'Malley
|
0-0: Ball 1-0: Called Strike 1-1: Ball 2-1: Foul Ball, location: 2F 2-2: Foul Ball, location: 2F 2-2: Strikes out swinging
|
| Bottom of the 15th over - 0 runs, 0 hits, 0 errors, 0 left on base; St. Louis 5 - Houston 5 |
| TOP OF THE 16TH |
|
St. Louis Cardinals batting - Pitching for Houston Astros : RHP Gilberto Mendoza
|
|
Batting: RHB Bob E Johnson
|
0-0: Foul Ball, location: 2F 0-1: Ball 1-1: Ball 2-1: Swinging Strike 2-2: Foul Ball, location: 2F 2-2: Foul Ball, location: 2F 2-2: Strikes out looking
|
|
Batting: RHB Robert Arnold
|
0-0: SINGLE (Groundball, 56D, EV 103.8 MPH)
|
|
Batting: LHB Jim Adduci
|
0-0: Called Strike 0-1: Ball 1-1: Swinging Strike 1-2: Strikes out looking
|
|
Batting: RHB Onix Concepcion
|
0-0: Swinging Strike 0-1: Fly out, F2 (Popup, 25F, EV 86.9 MPH)
|
| Top of the 16th over - 0 runs, 1 hit, 0 errors, 1 left on base; St. Louis 5 - Houston 5 |
| BOTTOM OF THE 16TH |
|
Houston Astros batting - Pitching for St. Louis Cardinals : RHP Robert Arnold
|
|
Pitching: RHP Luis Garcia
|
|
|
Batting: RHB Ricky Adams
|
0-0: Swinging Strike 0-1: Ball 1-1: Called Strike 1-2: Foul Ball, location: 2F 1-2: Fly out, F8 (Line Drive, 8LM, EV 100.6 MPH)
|
|
Batting: RHB Gilberto Mendoza
|
0-0: SINGLE (Groundball, 6D, EV 103.1 MPH)
|
|
Batting: RHB Zail Smith
|
0-0: Ball 1-0: Called Strike 1-1: Foul Ball, location: 2F 1-2: Ball 2-2: Foul Ball, location: 2F 2-2: Foul Ball, location: 2F 2-2: Foul Ball, location: 2F 2-2: 2-RUN HOME RUN (Flyball, 78XD, EV 110.6 MPH), Distance : 424 ft
|
| Bottom of the 16th over - 2 runs, 2 hits, 0 errors, 0 left on base; St. Louis 5 - Houston 7 |
|